 Dungeon Crawl Stone Soup version 0.23-a0-407-g92528d7 (webtiles) character file.

1431 MisterFreud the Carver (level 8, -3/50 HPs)
             Began as an Octopode Gladiator on Nov 7, 2018.
             Was an Initiate of Cheibriados.
             Slain by a killer bee (9 damage)
             ... on level 7 of the Dungeon.
             The game lasted 00:14:35 (6133 turns).

MisterFreud the Carver (Octopode Gladiator)         Turns: 6133, Time: 00:14:37

Health: -3/50      AC:  2    Str: 14    XL:     8   Next: 73%
Magic:  2/8        EV: 18    Int: 13    God:    Cheibriados [......]
Gold:   279        SH:  0    Dex: 19    Spells: 7/7 levels left

rFire    . . .     SeeInvis .   a - +1 long sword
rCold    + . .     Gourm    .   (no shield)
rNeg     . . .     Faith    .   b - +1 hat
rPois    .         Spirit   .   (no amulet)
rElec    .         Reflect  .   g - ring of resist corrosion
rCorr    +         Harm     .   m - ring of protection from cold
MR       .....                  A - +4 ring of dexterity
Stlth    ++++......             (no ring)
HPRegen  0.16/turn              (no ring)
MPRegen  0.11/turn              (no ring)
                                (no ring)
                                (no ring)

@: lethally poisoned (-3 -> -6), very slow
A: almost no armour, stealthy swim, amphibious, 8 rings, constrict 8, camouflage
1, gelatinous body 1
a: Bend Time, Renounce Religion


You were on level 7 of the Dungeon.
You worshipped Cheibriados.
Cheibriados was noncommittal.
You were very hungry.

You visited 2 branches of the dungeon, and saw 8 of its levels.

You collected 279 gold pieces.

Inventory:

Hand Weapons
 a - a +1 long sword (weapon)
Missiles
 c - 2 throwing nets (quivered)
 e - 179 stones
 j - 21 poisoned needles
 n - 2 tomahawks
 r - 62 bolts
 t - 24 sling bullets
 v - 6 curare-tipped needles
 z - 32 arrows
Armour
 b - a +1 hat (worn)
Jewellery
 g - a ring of resist corrosion (left tentacle)
 m - a ring of protection from cold (right tentacle)
 A - a +4 ring of dexterity (on tentacle)
Wands
 l - a wand of random effects (12)
 y - a wand of flame (43)
Scrolls
 h - 2 scrolls of remove curse
 k - 2 scrolls of enchant weapon
 p - 4 scrolls of identify
 u - a scroll of amnesia
Potions
 f - 4 potions of might
 i - 3 potions of agility
 q - a potion of cancellation
 x - a potion of ambrosia {unknown}
Comestibles
 d - 9 rations


   Skills:
 - Level 2.0 Fighting
 - Level 8.1 Long Blades
 - Level 2.0 Throwing
 * Level 7.0 Dodging
 + Level 5.0 Stealth


You had 7 spell levels left.
You didn't know any spells.
Your spell library contained the following spells:

 Spells                   Type           Power        Failure   Level  Hunger
 Beastly Appendage        Tmut           #.....       30%         1    ##.....
 Magic Dart               Conj           #...         30%         1    ##.....
 Searing Ray              Conj           #.....       43%         2    ###....
 Sticks to Snakes         Tmut           #.......     43%         2    ###....
 Dazzling Spray           Conj/Hex       #.....       67%         3    ####...
 Spider Form              Tmut/Pois      #.........   67%         3    ####...
 Force Lance              Conj/Tloc      #.......     97%         4    #####..
 Fulminant Prism          Conj/Hex       #.........   97%         4    #####..
 Ice Form                 Ice/Tmut       #.......     97%         4    #####..
 Iskenderun's Mystic Bla  Conj           #.......     97%         4    #####..
 Blade Hands              Tmut           #.........   100%        5    ######.


Dungeon Overview and Level Annotations

Branches:
Dungeon (7/15)             Temple (1/1) D:6

Altars:
Ashenzari
Cheibriados
Dithmenos
Elyvilon
Fedhas
Gozag
Hepliaklqana
Kikubaaqudgha
Nemelex Xobeh
Okawaru
Qazlal
Ru
Sif Muna
Trog
Wu Jian
Yredelemnul
Zin
Jiyva


Innate Abilities, Weirdness & Mutations

You cannot wear most types of armour.
You are very stealthy in the water. (Stealth+)
You are amphibious.
You can wear up to eight rings at the same time.
You can use your tentacles to constrict eight enemies at once.
Your skin changes colour to match your surroundings (Stealth+).
Your rubbery body absorbs attacks. (AC +1, EV +1)


Message History

The jackal skeleton is severely damaged.
The killer bee stings you!
* * * LOW HITPOINT WARNING * * *
You are poisoned.
The killer bee poisons you!
You release your grip on the jackal skeleton.
You feel sick. The jackal skeleton closely misses you.
You riposte.
You slash the jackal skeleton!
You destroy the jackal skeleton!
Cheibriados appreciates the change of pace.
You feel sick. The killer bee misses you. The killer bee barely misses you.
You riposte.
You miss the killer bee. Your grab misses the killer bee.
The flow of time bends around you.
The killer bee resists with some effort. x2
Cheibriados rebukes the killer bee.
The killer bee seems to slow down.
You are feeling very hungry.
The killer bee misses you. The killer bee barely misses you.
The killer bee stings you!
You die...

#..........###...#
#######.........###..#
#.... #........<#....#
#....###..........)..#
#.....##.........#.#..#
#........?$........#
..#
#.............#..### #.
##.....y............
#.....yy@#....#####...
#......y##....... ....#
#....(..##....### ..##
##....5###....# ...
#.....# #....# ...
#....... ######
#.......# #........
##.......#


You could see 4 killer bees and a shadow imp.

Vanquished Creatures
  Eustachio (D:4)
  An orc warrior (D:6)
  2 sky beasts
  3 ogres
  2 bullfrogs
  A centaur zombie (D:5)
  An orc priest (D:3)
  A hound (D:6)
  An iguana (D:6)
  3 orc wizards
  5 worker ants
  2 hound skeletons
  A gnoll (D:2)
  12 adders
  2 shadow imps
  An ooze (D:2)
  3 adder skeletons
  4 worms
  3 dart slugs
  3 leopard geckos
  15 orcs
  9 bats
  4 giant cockroaches
  6 goblins
  11 hobgoblins
  10 jackals
  9 quokkas
  7 frilled lizards
  A giant cockroach zombie (D:6)
  A jackal skeleton (D:7)
  10 kobolds
  2 leopard gecko zombies
  2 quokka skeletons
  6 rats
145 creatures vanquished.

Notes
Turn   | Place    | Note
-------+----------+-------------------------------------------
     0 | D:1      | MisterFreud the Octopode Gladiator began the quest for the
                  | Orb.
     0 | D:1      | Reached XP level 1. HP: 14/14 MP: 1/1
    78 | D:1      | Reached skill level 1 in Stealth
   190 | D:1      | Reached XP level 2. HP: 19/19 MP: 2/2
   686 | D:2      | Reached XP level 3. HP: 24/24 MP: 3/3
  1057 | D:3      | Reached skill level 5 in Stealth
  1300 | D:2      | Reached XP level 4. HP: 29/29 MP: 4/4
  2198 | D:2      | Found a shattered altar of Ashenzari.
  2219 | D:2      | Reached skill level 4 in Long Blades
  2303 | D:2      | Reached XP level 5. HP: 32/34 MP: 5/5
  2884 | D:3      | Found an ancient bone altar of Kikubaaqudgha.
  2885 | D:3      | Found a sparkling altar of Nemelex Xobeh.
  3153 | D:3      | Reached skill level 5 in Long Blades
  3382 | D:4      | Found a white marble altar of Elyvilon.
  3386 | D:4      | Reached XP level 6. HP: 33/39 MP: 6/6
  3468 | D:4      | Found an opulent altar of Gozag.
  3610 | D:4      | Found a glowing silver altar of Zin.
  3667 | D:4      | Reached skill level 6 in Long Blades
  3694 | D:4      | Noticed a sky beast
  3735 | D:4      | Noticed Eustachio
  3782 | D:4      | Killed a sky beast
  3782 | D:4      | Reached XP level 7. HP: 30/45 MP: 7/7
  3902 | D:4      | Reached skill level 7 in Long Blades
  3960 | D:4      | Killed Eustachio
  4054 | D:5      | Entered Level 5 of the Dungeon
  4073 | D:5      | Reached skill level 8 in Long Blades
  4343 | D:5      | Reached XP level 8. HP: 22/50 MP: 8/8
  4676 | D:5      | Found a stormy altar of Qazlal.
  5038 | D:6      | Found a staircase to the Ecumenical Temple.
  5053 | D:6      | HP: 1/50 [something (5)]
  5176 | Temple   | Entered the Ecumenical Temple
  5292 | D:6      | Reached skill level 5 in Dodging
  5849 | D:6      | Found a snail-covered altar of Cheibriados.
  5860 | D:6      | Became a worshipper of Cheibriados the Contemplative
  6133 | D:7      | Slain by a killer bee

Vault maps used:
D:1:      lemuel_arrival_funnel, minmay_tripent
D:2:      lemuel_doored_altar
D:3:      gammafunk_temple_overflow_pools, chequers_serial_rivers_small_3
D:4:      lemuel_round_altar, grunt_gozag_statues, elyvilon_altar_5,
          kennysheep_generic_room_10, uniq_eustachio
D:5:      kennysheep_little_box, first_ration
D:6:      slow_altar_2, minmay_temple_entry_statues_fountains
D:7:      grunt_temple_overflow_champion_of_chaos, marbit_many_paths
Temple:   pf_slimified_temple

Skill      XL: |  1  2  3  4  5  6  7  8 |
---------------+-------------------------+-----
Stealth        | 2 3 5 |  5.0
Long Blades    | 4 5 6 8 |  8.1
Dodging        | 7 |  7.0
Fighting       | |  2.0
Throwing       | |  2.0

Action                   |  1- 3 |  4- 6 |  7- 9 || total
-------------------------+-------+-------+-------++-------
Melee: Long sword        |    54 |   126 |   123 ||   303
       Constrict         |    20 |    31 |    35 ||    86
       Tentacles         |     8 |    20 |    38 ||    66
Throw: Throwing net      |       |     1 |       ||     1
Invok: Bend Time         |       |       |     2 ||     2
Evoke: Wand              |       |     2 |     4 ||     6
  Use: Scroll            |       |     9 |     2 ||    11
       Potion            |       |       |     5 ||     5
 Stab: Sleeping          |    10 |    17 |    10 ||    37
       Distracted        |     1 |       |       ||     1
       Held in net/web   |       |     1 |       ||     1
  Eat: Chunk             |       |     9 |     7 ||    16
Armor: Skin              |     5 |    10 |     5 ||    20
Dodge: Dodged            |    44 |    81 |   101 ||   226
       Rpst.: Long sword |    11 |    20 |    31 ||    62

Table legend:
 A = Non-vault XP
 B = Vault XP
 C = Vault XP percentage of total XP
 D = Non-vault monster count
 E = Vault monster count
 F = Vault count percentage of total count
                 A         B        C        D         E       F
            +---------+---------+-------+---------+---------+-------
      Total |    1723 |     322 |  15.7 |     140 |       5 |   3.4
            +---------+---------+-------+---------+---------+-------
        D:1 |      28 |       2 |   6.7 |      14 |       2 |  12.5
        D:2 |     131 |       0 |   0.0 |      28 |       0 |   0.0
        D:3 |     127 |       0 |   0.0 |      34 |       0 |   0.0
        D:4 |     359 |     315 |  46.7 |      19 |       2 |   9.5
        D:5 |     310 |       0 |   0.0 |      20 |       0 |   0.0
        D:6 |     549 |       5 |   0.9 |      22 |       1 |   4.3
        D:7 |     219 |       0 |   0.0 |       3 |       0 |   0.0
            +---------+---------+-------+---------+---------+-------
